 Dungeon Crawl Stone Soup version 0.22-a0-367-gb72a975 (webtiles) character file.

997 magipi the Cudgeler (level 8, -5/44 HPs)
             Began as a Gargoyle Skald on Apr 22, 2018.
             Was an Initiate of Gozag.
             Slain by an ice beast (14 damage)
             ... on level 6 of the Dungeon.
             The game lasted 00:15:23 (5004 turns).

magipi the Cudgeler (Gargoyle Skald)                Turns: 5004, Time: 00:15:24

Health: -5/44      AC: 12    Str: 15    XL:     8   Next: 19%
Magic:  14/14      EV: 10    Int: 15    God:    Gozag
Gold:   597        SH:  0    Dex: 10    Spells: 11/15 levels left

rFire    . . .     SeeInvis .   a - +1 morningstar
rCold    . . .     Gourm    .   (no shield)
rNeg     + + .     Faith    .   c - +0 ring mail
rPois    ∞         Spirit   .   (no helmet)
rElec    +         Reflect  .   j - +0 cloak
rCorr    .         Harm     .   w - +0 pair of gloves
MR       .....                  (no boots)
Stlth    ..........             r - amulet of regeneration
HPRegen  0.54/turn              n - ring of positive energy
MPRegen  0.14/turn              (no ring)

@: no status effects
A: negative energy resistance 1, electricity resistance, unbreathing,
petrification resistance, rot immunity, AC +5
a: Potion Petition, Call Merchant, Bribe Branch, Renounce Religion


You were on level 6 of the Dungeon.
You worshipped Gozag.
Gozag was pleased with you.
You were not hungry.

You visited 1 branch of the dungeon, and saw 6 of its levels.

You collected 634 gold pieces.
You paid 37 gold pieces to Gozag.

Inventory:

Hand Weapons
 a - a +1 morningstar (weapon)
   (You found it on level 3 of the Dungeon)
 m - a +0 mace
Armour
 b - a +0 leather armour
 c - a +0 ring mail (worn)
   (You found it on level 1 of the Dungeon)
 j - a +0 cloak (worn)
   (You found it on level 4 of the Dungeon)
 w - a +0 pair of gloves (worn)
   (You found it on level 3 of the Dungeon)
Jewellery
 n - a ring of positive energy (left hand)
   (You found it on level 5 of the Dungeon)
 r - an amulet of regeneration (around neck)
   (You found it on level 4 of the Dungeon)
Wands
 s - a wand of acid (8)
   (You found it on level 5 of the Dungeon)
 t - a wand of disintegration (9)
   (You found it on level 5 of the Dungeon)
 v - a wand of scattershot (3)
   (You found it on level 5 of the Dungeon)
Scrolls
 e - 4 scrolls of remove curse
 f - 2 scrolls of teleportation
 h - a scroll of fog
 i - a scroll of enchant weapon
 x - a scroll of summoning {unknown}
Potions
 g - a potion of magic
 k - 2 potions of resistance
 l - 2 potions of heal wounds {unknown}
 o - 3 potions of curing {unknown}
 p - a potion of berserk rage
 q - a potion of flight {unknown}
 u - a potion of degeneration {unknown}
Comestibles
 d - 9 rations


   Skills:
 - Level 2.1 Fighting
 - Level 6.0 Maces & Flails
 - Level 1.1 Armour
 - Level 1.5 Dodging
 + Level 4.2 Spellcasting
 + Level 3.5 Hexes
 + Level 4.6 Charms


You had 11 spell levels left.
You knew the following spells:

 Your Spells              Type           Power        Failure   Level  Hunger
a - Infusion              Chrm           ###.         5%          1    None
w - Spectral Weapon       Hex/Chrm       ###.....     21%         3    ###....


Dungeon Overview and Level Annotations

Branches:
Dungeon (6/15)
 Temple: D:4-7

Altars:
Gozag
Vehumet
The Shining One

Shops:
D:3 *


Innate Abilities, Weirdness & Mutations

You are resistant to torment.
Your stone body is resilient. (AC +5)
You are immune to poison.
You resist negative energy. (rN+)
You are resistant to electric shocks. (rElec)
You can survive without breathing.
You are immune to petrification.
You are immune to rotting.


Message History

You see here 4 poisoned needles.
Found a stone staircase leading up.
You see here 4 poisoned needles.
You see here a falchion.
Things that are here:
a dagger; a robe You see here a giant club.
x - a scroll labeled INKIOFI TIOCLU A shadow imp comes into view.
The shadow imp shouts, "Slither home, thou bumbling flat-headed barnacle!"
The shadow imp barely misses you.
You barely miss the shadow imp.
The shadow imp hits you but does no damage.
The shadow imp hits you.
You hit the shadow imp.
The shadow imp is moderately wounded.
The shadow imp hits you but does no damage.
You barely miss the shadow imp.
The shadow imp is moderately wounded.
The shadow imp hits you but does no damage.
You hit the shadow imp.
The shadow imp is heavily wounded.
The shadow imp closely misses you.
You hit the shadow imp but do no damage.
The shadow imp is heavily wounded.
The shadow imp hits you but does no damage.
You hit the shadow imp.
The shadow imp is severely wounded.
The shadow imp hits you but does no damage.
The shadow imp gestures at you.
You struggle to resist.
You hit the shadow imp.
The shadow imp is severely wounded.
The shadow imp closely misses you.
You hit the shadow imp.
You kill the shadow imp!
You now have 571 gold pieces (gained 7).
Found 5 needles of sleeping.
You see here 5 needles of sleeping.
l - 2 fuming brown potions (gained 1)
Found a radiant altar of Vehumet.
A crimson imp comes into view.
The crimson imp shouts!
You barely miss the crimson imp.
The crimson imp hits you but does no damage.
You closely miss the crimson imp. The crimson imp barely misses you.
The crimson imp hits you.
You barely miss the crimson imp. The crimson imp puffs mist at you.
The crimson imp closely misses you.
You barely miss the crimson imp.
The crimson imp hits you but does no damage.
You hit the crimson imp but do no damage.
The crimson imp barely misses you.
You sock the crimson imp!
The crimson imp is almost dead.
The crimson imp hits you but does no damage.
You hit the crimson imp.
You kill the crimson imp!
You now have 575 gold pieces (gained 4).
Found a stone staircase leading up.
There is a stone staircase leading up here.
Found a stone staircase leading down.
The orc priest shouts!
Found a ration.
There is a stone staircase leading down here.
You sock the orc priest!
You kill the orc priest!
You now have 581 gold pieces (gained 6).
f - 2 scrolls of teleportation (gained 1)
You see here a short sword.
Found 5 needles of sleeping.
d - 9 rations (gained 1)
You now have 597 gold pieces (gained 16).
There is an open door here.
An ice beast comes into view.
The ice beast hits you but does no damage.
You barely miss the ice beast. The ice beast hits you.
The ice beast freezes you!
You puncture the ice beast!
The ice beast is heavily wounded.
The ice beast hits you. The ice beast freezes you!
You hit the ice beast.
The ice beast is severely wounded.
The ice beast barely misses you.
You hit the ice beast but do no damage.
The ice beast is severely wounded.
The ice beast closely misses you.
You barely miss the ice beast.
The ice beast is severely wounded.
The ice beast hits you. The ice beast freezes you!
* * * LOW HITPOINT WARNING * * *
The ice beast hits you but does no damage.
You barely miss the ice beast.
The ice beast is severely wounded.
The ice beast hits you.
* * * LOW HITPOINT WARNING * * *
The ice beast freezes you!
You die...
Your body crumbles into a pile of gold.

#.......# #.......#
#.......# #.......# #
#)......#####.#
>.............
#.............
#.........###########.##
..........'.....@Y......
#######..(########....##
#...# #### #...# ####
#...# ...# #...# ##.#
#...# .#.# #...# ##.#
#....


You could see an ice beast.

Vanquished Creatures
  A sky beast (D:6)
  A necrophage (D:5)
  2 ogres
  A scorpion (D:4)
  2 howler monkeys (D:4)
  A crimson imp (D:6)
  A hound (D:4)
  An orc priest (D:6)
  An orc wizard (D:6)
  3 iguanas
  3 worker ants
  7 gnolls
  11 adders
  A shadow imp (D:6)
  An ooze (D:4)
  An adder skeleton (D:5)
  4 worms (D:4)
  A dart slug (D:2)
  2 leopard geckos
  4 orcs
  4 bats (D:1)
  2 giant cockroaches
  5 goblins
  5 hobgoblins
  4 jackals (D:4)
  A quokka (D:2)
  A ball python (D:4)
  6 frilled lizards
  7 kobolds
  7 rats
91 creatures vanquished.

Vanquished Creatures (others)
  4 plants (D:5)
4 creatures vanquished.

Grand Total: 95 creatures vanquished

Notes
Turn   | Place    | Note
-------+----------+-------------------------------------------
     0 | D:1      | magipi the Gargoyle Skald began the quest for the Orb.
     0 | D:1      | Reached XP level 1. HP: 12/12 MP: 3/3
   386 | D:1      | Reached XP level 2. HP: 16/17 MP: 5/5
   725 | D:1      | Reached skill level 3 in Maces & Flails
   918 | D:2      | Reached XP level 3. HP: 12/21 MP: 6/6
  1263 | D:2      | Reached skill level 4 in Maces & Flails
  1810 | D:2      | Reached XP level 4. HP: 23/26 MP: 7/7
  2019 | D:3      | Found an opulent altar of Gozag.
  2021 | D:3      | Found Gozag's Platinum Reserve.
  2066 | D:3      | Became a worshipper of Gozag Ym Sagoz the Greedy
  2284 | D:3      | Learned a level 3 spell: Spectral Weapon
  2490 | D:3      | Found a runed door.
  2580 | D:3      | Found a glowing golden altar of the Shining One.
  2823 | D:3      | Noticed Crazy Yiuf
  2971 | D:4      | Reached skill level 5 in Maces & Flails
  2971 | D:4      | Reached XP level 5. HP: 29/30 MP: 8/8
  3245 | D:4      | Reached skill level 6 in Maces & Flails
  3245 | D:4      | Reached XP level 6. HP: 17/35 MP: 9/9
  3442 | D:4      | Reached skill level 1 in Hexes
  3784 | D:4      | Reached XP level 7. HP: 35/40 MP: 11/11
  3897 | D:5      | Entered Level 5 of the Dungeon
  4634 | D:6      | Reached XP level 8. HP: 27/44 MP: 9/14
  4929 | D:6      | Found a radiant altar of Vehumet.
  5004 | D:6      | Slain by an ice beast

Vault maps used:
D:1:      matt_arrival_grand_opening, minmay_misc_feat_encased,
          kennysheep_small_spiral
D:2:      minmay_wonky_spiral
D:3:      tso_altar, nicolae_gozag_zags_fifth_avenue, first_ration,
          uniq_crazy_yiuf_cottage
D:5:      minmay_lizard_king
D:6:      lemuel_crystal_altar, minivault_19

Skill      XL: |  1  2  3  4  5  6  7 |
---------------+----------------------+-----
Maces & Flails | 3 4 5 6 |  6.0
Hexes          | 1 3 |  3.5
Charms         | 3 4 |  4.6
Spellcasting   | 4 |  4.2
Fighting       | |  2.1
Armour         | |  1.1
Dodging        | |  1.5

Action                   |  1- 3 |  4- 6 |  7- 9 || total
-------------------------+-------+-------+-------++-------
Melee: Mace              |   118 |    38 |       ||   156
       Morningstar       |       |   130 |   113 ||   243
Invok: Potion Petition   |       |     1 |       ||     1
Evoke: Wand              |       |       |     1 ||     1
  Use: Scroll            |       |     6 |     3 ||     9
 Stab: Invisible         |       |     2 |       ||     2
  Eat: Chunk             |     3 |     1 |       ||     4
       Ration            |       |     2 |     1 ||     3
Armor: Ring mail         |    54 |    65 |    46 ||   165
       Leather armour    |     5 |       |       ||     5
Dodge: Dodged            |    72 |    84 |    49 ||   205

Table legend:
 A = Spawn XP
 B = Non-spawn XP
 C = Spawn XP percentage of total XP
 D = Spawn monster count
 E = Non-spawn monster count
 F = Spawn count percentage of total count
 G = Total turns spent on level
                    A         B        C        D         E        F      G
               +---------+---------+-------+---------+---------+-------+---------
         Total |       0 |    1425 |   0.0 |       0 |      91 |   0.0 |  5004
               +---------+---------+-------+---------+---------+-------+---------
           D:1 |       0 |      20 |   0.0 |       0 |      12 |   0.0 |   815
           D:2 |       0 |      78 |   0.0 |       0 |      19 |   0.0 |  1155
           D:3 |       0 |      31 |   0.0 |       0 |      10 |   0.0 |   921
           D:4 |       0 |     519 |   0.0 |       0 |      23 |   0.0 |  1006
           D:5 |       0 |     362 |   0.0 |       0 |      17 |   0.0 |   688
           D:6 |       0 |     415 |   0.0 |       0 |      10 |   0.0 |   419
               +---------+---------+-------+---------+---------+-------+---------

Action                   |  1- 3 |  4- 6 |  7- 9 || total
-------------------------+-------+-------+-------++-------
Melee: Mace              |   118 |    38 |       ||   156
       Morningstar       |       |   130 |   113 ||   243
Invok: Potion Petition   |       |     1 |       ||     1
Evoke: Wand              |       |       |     1 ||     1
  Use: Scroll            |       |     6 |     3 ||     9
 Stab: Invisible         |       |     2 |       ||     2
  Eat: Chunk             |     3 |     1 |       ||     4
       Ration            |       |     2 |     1 ||     3
Armor: Ring mail         |    54 |    65 |    46 ||   165
       Leather armour    |     5 |       |       ||     5
Dodge: Dodged            |    72 |    84 |    49 ||   205
